 Dungeon Crawl Stone Soup version 0.30-a0-715-gdb4ae3ece1 (webtiles) character file.

Game seed: 14346734729542057135

210830 octoduck the Severer (level 18, -2/163 HPs)
             Began as a Hill Orc Reaver on Jan 23, 2023.
             Was the Champion of Cheibriados.
             Constricted to death by a nagaraja (5 damage)
             ... on level 4 of the Snake Pit on Jan 24, 2023.
             The game lasted 03:14:32 (45753 turns).

octoduck the Severer (Hill Orc Reaver)             Turns: 45753, Time: 03:14:33

Health: -2/163     AC: 24    Str: 42    XL:     18   Next: 87%
Magic:  9/27       EV: 15    Int: 32    God:    Cheibriados [******]
Gold:   1503       SH:  0    Dex: 24    Spells: 1/23 levels left

rFire   . . .      SeeInvis .    b - +9 battleaxe (freeze)
rCold   + + .      Faith    .    (shield currently unavailable)
rNeg    + . .      Spirit   .    F - +0 chain mail of Patterns {Will++ Regen+ Str+4}
rPois   +          Reflect  .    o - +0 helmet
rElec   .          Harm     .    l - +0 cloak
rCorr   .          Rampage  .    z - +2 pair of gloves {Stlth+}
Will    ++++.                    (no boots) Stlth
                                 Z - amulet of Vaussekk {Acrobat rN+ Str+4}
HPRegen 1.27/turn                v - ring of poison resistance
MPRegen 0.20/turn                W - ring of the Ageing Gods {rC++ Will+ AC+4}

@: lethally poisoned (-2 -> -3), weakened, constricted, unable to read, very
slow
A: inability to read after injury 1
}: 1/15 runes: decaying
a: Renounce Religion, Bend Time, Temporal Distortion, Slouch, Step From Time


You were on level 4 of the Snake Pit.
You worshipped Cheibriados.
Cheibriados was exalted by your worship.
You visited 6 branches of the dungeon, and saw 31 of its levels.
You also visited: Sewer and Gauntlet.

You collected 3486 gold pieces.
You spent 1983 gold pieces at shops.

Inventory:

Hand Weapons
 b - a +9 battleaxe of freezing (weapon)
Armour
 l - a +0 cloak (worn)
 o - a +0 helmet (worn)
 z - a +2 pair of gloves of stealth (worn)
 F - the +0 chain mail of Patterns (worn) {Will++ Regen+ Str+4}
   (You bought it in a shop on level 2 of the Dungeon)

   Str:       It affects your strength (+4).
   Regen:     It increases your rate of health regeneration.
   Will:      It greatly increases your willpower.
Jewellery
 g - a ring of protection from fire
 n - a ring of see invisible
 q - a ring of flight
 r - a ring of resist corrosion
 v - a ring of poison resistance (left hand)
 L - a ring of positive energy
 W - the ring of the Ageing Gods (right hand) {rC++ Will+ AC+4}
   (You acquired it on level 2 of the Dungeon)

   [ring of protection]

   AC:        It affects your AC (+4).
   rC:        It greatly protects you from cold.
   Will:      It increases your willpower.
 Z - the amulet of Vaussekk (around neck) {Acrobat rN+ Str+4}
   (You found it in a Gauntlet)

   [amulet of the acrobat]

   It increases your evasion while moving and waiting.
   Str:       It affects your strength (+4).
   rN:        It protects you from negative energy.
Wands
 k - a wand of paralysis (41)
 y - a wand of mindburst (1)
 D - a wand of flame (51)
 H - a wand of polymorph (18)
 J - a wand of acid (4)
 O - a wand of roots (26)
 Q - a wand of digging (8)
Scrolls
 a - 4 scrolls of amnesia
 c - 3 scrolls of enchant armour
 d - a scroll of brand weapon
 e - 3 scrolls of magic mapping
 u - 2 scrolls of silence
 C - 3 scrolls of enchant weapon
 I - 2 scrolls of fear
 M - 4 scrolls of poison
 N - a scroll of butterflies
 P - 10 scrolls of teleportation
 R - 15 scrolls of identify
 S - a scroll of blinking
 Y - a scroll of fog
Potions
 f - 17 potions of curing
 j - 5 potions of cancellation
 m - 3 potions of ambrosia
 p - 7 potions of attraction
 t - 4 potions of resistance
 w - 10 potions of mutation
 x - 3 potions of invisibility
 A - 7 potions of heal wounds
 B - 5 potions of brilliance
 E - 6 potions of flight
 G - 2 potions of lignification
 U - 5 potions of might
 V - 2 potions of berserk rage
 X - 2 potions of magic
Miscellaneous
 h - a box of beasts
 i - a tin of tremorstones (2/2)
 s - a phantom mirror


   Skills:
 - Level 15.1 Fighting
 - Level 20.4 Axes
 - Level 16.0 Armour
 + Level 9.8 Dodging
 - Level 3.1 Spellcasting
 - Level 10.1 Conjurations
 - Level 8.7 Fire Magic
 + Level 5.0 Ice Magic
 - Level 10.3 Air Magic
 - Level 12.3 Invocations
 - Level 2.0 Evocations


You had one spell level left.
You knew the following spells:

 Your Spells              Type           Power      Damage    Failure   Level
a - Magic Dart            Conj           100%       1d8       1%          1
b - Stone Arrow           Conj/Erth      74%        3d11      5%          3
c - Freezing Cloud        Conj/Ice/Air   28%        6-21      12%         5
d - Mephitic Cloud        Conj/Pois/Air  48%        N/A       2%          3
e - Flame Wave            Conj/Fire      60%        2d14      3%          4
f - Passwall              Tmut/Erth      4%         N/A       22%         2
g - Airstrike             Air            31%        2d(5-21)  1%          4

Your spell library contained the following spells:

 Spells                   Type           Power      Damage    Failure   Level
 Kiss of Death            Conj/Necr      100%       2d13      1%          1
 Shock                    Conj/Air       100%       1d9       1%          1
 Apportation              Tloc           10%        N/A       14%         1
 Necrotise                Necr           20%        1d5       14%         1
 Summon Small Mammal      Summ           20%        N/A       14%         1
 Scorch                   Fire           100%       2d10      1%          2
 Hailstorm                Conj/Ice       52%        3d12      1%          3
 Swiftness                Air            63%        N/A       1%          3
 Momentum Strike          Conj/Tloc      74%        3d10      2%          2
 Kindle Blastsparks       Fire/Tloc/Air  90%        2d17      3%          3
 Sticky Flame             Conj/Fire      60%        2d8       3%          4
 Lightning Bolt           Conj/Air       31%        1d48      6%          5
 Inner Flame              Hex/Fire       32%        N/A       7%          3
 Ensorcelled Hibernation  Hex/Ice        42%        N/A       8%          2
 Ignite Poison            Fire/Tmut/Pois 23%        N/A       13%         3
 Call Imp                 Summ           5%         N/A       22%         2
 Gell's Gravitas          Tloc           5%         N/A       38%         3
 Summon Guardian Golem    Hex/Summ       5%         N/A       38%         3
 Teleport Other           Tloc           5%         N/A       38%         3
 Starburst                Conj/Fire      30%        6d9       41%         6
 Animate Armour           Summ/Erth      10%        N/A       80%         4
 Petrify                  Tmut/Erth      5%         N/A       80%         4
 Metabolic Englaciation   Hex/Ice        10%        N/A       80%         5
 Orb of Destruction       Conj           31%        9d10      88%         7
 Yara's Violent Unravell  Hex/Tmut       2%         3d3       98%         5
 Dispersal                Tloc           2%         N/A       100%        6
 Eringya's Noxious Bog    Tmut/Pois      2%         N/A       100%        6
 Statue Form              Tmut/Erth      3%         N/A       100%        6
 Summon Cactus Giant      Summ           2%         N/A       100%        6
 Enfeeble                 Hex            2%         N/A       100%        7
 Spellforged Servitor     Conj/Summ      18%        N/A       100%        7
 Ignition                 Fire           28%        3d9       100%        8
 Lehudib's Crystal Spear  Conj/Erth      18%        10d6      100%        8


Dungeon Overview and Level Annotations

Branches:
Dungeon (15/15) Temple (1/1) D:4 Lair (5/5) D:9 Swamp (4/4) Lair:2 Snake (4/4) Lair:2 Slime (0/5) Lair:5 Orc (2/2) D:9 Elf (0/3) Orc:2 Vaults (0/5) D:12 D:13 Depths (0/4) D:15 Sewer (visited) Gauntlet (visited)

Altars:
Ashenzari
Cheibriados
Dithmenos
Elyvilon
Fedhas
Gozag
Hepliaklqana
Kikubaaqudgha
Makhleb
Nemelex Xobeh
Okawaru
Qazlal
Ru
Sif Muna
Trog
Uskayaw
Vehumet
Wu Jian
Xom
Yredelemnul
Zin
The Shining One
Beogh
Jiyva

Shops:
D:2 ?[   D:8 *   Orc:1 !=   Orc:2 ([?!   Snake:3 *

Annotations:
D:7 3 runed translucent doors, Dittersdorf's ghost, novice GrFi
D:11 2 transporters, Darius099's ghost, journeyman GrFi
D:12 exclusion: hell knight
Snake:4 2 runed translucent doors, Bediveer's ghost, adept DsFi


Innate Abilities, Weirdness & Mutations

You occasionally lose the ability to read scrolls when taking damage.


Message History

The nagaraja hits you with a +0 spear!!
* * * LOW HITPOINT WARNING * * *
The nagaraja grabs you. The nagaraja constricts you.
The naga mage gestures at you while chanting.
The bolt of poison hits you. You resist.
* * * LOW HITPOINT WARNING * * *
The naga warrior spits poison at you.
The splash of poison hits you but does no damage.
The salamander hits you from afar with a +1 spear of venom.
* * * LOW HITPOINT WARNING * * *
You are engulfed in flames!
* * * LOW HITPOINT WARNING * * *
The naga mage barely misses you.
You hear a shout! x2
You feel much better.
You feel sick.
The naga warrior no longer looks unusually strong.
The nagaraja gestures at you while chanting.
The bolt of poison hits you! You resist.
* * * LOW HITPOINT WARNING * * *
The nagaraja constricts you.
* * * LOW HITPOINT WARNING * * *
The naga mage hits you but does no damage.
The naga mage spits poison at you. The splash of poison misses you.
The nagaraja hits you with a +0 spear!!
* * * LOW HITPOINT WARNING * * *
The nagaraja constricts you. The salamander completely misses you.
The naga warrior roars a battlecry!
The nagas go into a battle-frenzy!
You feel much better.
You feel sick.
The naga mage no longer looks unusually strong.
The naga sharpshooter no longer looks unusually strong.
The naga mage hits you but does no damage.
The naga mage misses you.
The nagaraja gestures at you while chanting.
The poison arrow hits you!
You are more poisoned.
You partially resist.
* * * LOW HITPOINT WARNING * * *
The nagaraja constricts you.
You die...

..§§§......## #......#...........
............##########...........
.................................
.................................
.####.................[..........
.# ##...........................
.## #............................
..###...........N................
#...........)..N@..............))
#############)NN##NN.############
#...NN...N....# # #....NN.......#
# #...NN..N.....# #
#....#)N...#..# # #.....))).....#
# ##..#..N)N...## # ##....⌠...###
#


You could see a nagaraja (fast, strong), 3 naga warriors, 2 naga sharpshooters,
a salamander (strong), 4 naga magi and a naga (strong).

Vanquished Creatures
  Rupert (D:13)
  Jorgrun (Swamp:1)
  Mlioglotl (Snake:3)
  The ghost of Josuitwi the Warrior, an adept MfGl of Yredelemnul (Snake:3)
  2 thorn hunters (Swamp:4)
  The ghost of wormed the Unseen, an adept NaFE of Vehumet (Snake:2)
  Kirke (D:13)
  Roxanne (Snake:3)
  Donald (Swamp:1)
  A fenstrider witch (Swamp:2)
  2 nagarajas
  Aizul (Snake:3)
  A stone giant (D:15)
  An orc warlord (Orc:1)
  2 eleionomae
  3 bunyips
  A minotaur (Gauntlet)
  2 shambling mangroves
  A fire dragon (Lair:5)
  An entropy weaver (shapeshifter) (D:14)
  2 salamander tyrants
  15 hydras
  2 ogre magi (Orc:2)
  A ghost crab (Swamp:3)
  13 two-headed ogres
  11 anacondas
  A centaur warrior (D:13)
  6 boulder beetles
  13 naga warriors
  Urug (D:13)
  A death knight (D:15)
  5 tengu warriors
  16 alligators
  9 naga sharpshooters
  8 shock serpents
  Nergalle (Lair:3)
  4 hell knights (D:12)
  8 salamander mystics
  11 swamp dragons
  3 goliath frogs
  5 spriggan druids
  2 deep trolls (Orc:2)
  A bog body (Swamp:2)
  5 naga ritualists
  2 wizards (D:14)
  Pikel (D:9)
  4 lindwurms
  2 deep elf pyromancers
  12 mana vipers
  3 necromancers (D:12)
  3 orc sorcerers
  7 ugly things (D:15)
  6 will-o-the-wisps
  An oklob plant (Lair:3)
  4 cyclopes
  3 manticores
  19 salamanders
  4 guardian serpents
  Maurice (D:13)
  40 black mambas
  16 elephants
  7 naga magi
  Joseph (Lair:1)
  7 cane toads
  2 gargoyles
  15 komodo dragons
  2 kobold demonologists (D:14)
  An unseen horror (D:12)
  An efreet (D:15)
  2 rime drakes
  A freezing wraith (D:14)
  11 trolls
  3 polar bears
  A troll (shapeshifter) (D:15)
  3 bloated husks
  14 hornets
  9 tyrant leeches
  16 blink frogs
  6 dream sheep (Lair:3)
  11 slime creatures
  A wraith (D:11)
  4 shadows
  17 spriggans
  7 basilisks
  59 yaks
  4 fire bats (D:11)
  16 humans
  3 wyverns
  6 hogs
  3 steam dragons
  14 vampire mosquitoes
  A warg (Orc:2)
  32 nagas
  18 swamp worms
  2 acid dragons
  12 water moccasins
  8 hell hounds
  A black bear (Lair:2)
  22 ogres
  17 orc warriors
  An ice beast (D:7)
  11 swamp drakes
  4 wolves (Lair:5)
  A lemure (D:9)
  7 centaurs
  A phantom (D:5)
  7 kobold brigands
  15 bullfrogs
  2 gnoll sergeants
  A necrophage (D:5)
  2 scorpions (D:5)
  16 wights
  11 killer bees
  4 howler monkeys
  2 lava snakes (D:11)
  3 hounds
  13 orc priests
  13 jellies
  11 iguanas
  20 orc wizards
  2 lightning spires (Swamp:2)
  5 hell rats (Lair:3)
  9 gnolls
  15 adders
  5 river rats
  2 white imps
  2 ufetubi (D:5)
  8 worms
  A dart slug (D:1)
  47 orcs
  10 endoplasms
  3 giant cockroaches
  6 goblins
  7 hobgoblins
  A jackal (D:5)
  7 quokkas
  8 ball pythons
  5 bats
  3 frilled lizards
  9 kobolds
  15 rats
  A briar patch (Swamp:4)
  A fire vortex (D:11)
  4 foxfires (Swamp:2)
979 creatures vanquished.

Vanquished Creatures (collateral kills)
  A hydra (Swamp:4)
1 creature vanquished.

Vanquished Creatures (others)
  A komodo dragon (Lair:5)
  2 bloated husks (Swamp:3)
  A naga (Snake:3)
  2 ball lightnings (Swamp:2)
  6 briar patches (Swamp:4)
  2 fire vortices (D:11)
  33 foxfires
  32 fungi
  92 plants
  25 withered plants
196 creatures vanquished.

Grand Total: 1176 creatures vanquished

Notes
Turn   | Place    | Note
-------+----------+-------------------------------------------
     0 | D:1      | octoduck the Hill Orc Reaver began the quest for the Orb.
     0 | D:1      | Reached XP level 1. HP: 18/18 MP: 3/3
   205 | D:1      | Reached XP level 2. HP: 25/25 MP: 4/4
   381 | D:1      | Reached skill level 5 in Axes
   885 | D:2      | Reached XP level 3. HP: 30/30 MP: 5/5
  1053 | D:2      | Found Curumef's Armour Boutique.
  1077 | D:2      | Reached skill level 6 in Axes
  1148 | D:2      | Reached XP level 4. HP: 36/37 MP: 6/6
  1181 | D:2      | Found Zuongorph's Magic Scroll Shop.
  1201 | D:2      | Bought a scroll of identify for 26 gold pieces
  1201 | D:2      | Bought a scroll of identify for 26 gold pieces
  2339 | D:3      | Reached skill level 7 in Axes
  2684 | D:3      | Reached XP level 5. HP: 40/42 MP: 7/7
  3446 | D:4      | Identified the +1 leather armour of the Untouchables
                  | {Str+2}
  3486 | D:4      | Got the Book of the Sage
  3551 | D:4      | Noticed an ogre
  3619 | D:4      | Found an ornate altar of the Wu Jian Council.
  3924 | D:4      | Found a staircase to the Ecumenical Temple.
  3933 | Temple   | Entered the Ecumenical Temple
  4333 | D:3      | Reached skill level 8 in Axes
  4598 | D:5      | Entered Level 5 of the Dungeon
  4598 | D:5      | Noticed a water moccasin
  4609 | D:5      | Killed a water moccasin
  4610 | D:5      | Reached skill level 9 in Axes
  4610 | D:5      | Reached XP level 6. HP: 19/50 MP: 8/8
  4801 | D:5      | Identified the +3 scale mail "Cuzoble" {rC+ Int+3}
  4929 | D:5      | Found a blossoming altar of Fedhas.
  4931 | D:5      | Found an ancient bone altar of Kikubaaqudgha.
  5394 | D:5      | Reached skill level 10 in Axes
  5612 | D:5      | Reached XP level 7. HP: 42/56 MP: 9/9
  6054 | D:5      | Reached skill level 11 in Axes
  6120 | D:5      | Noticed a wraith
  6165 | D:4      | Gained mutation: You occasionally lose the ability to read
                  | scrolls when taking damage. [potion of mutation]
  6218 | D:6      | Found a bloodstained altar of Trog.
  6256 | D:6      | Reached skill level 12 in Axes
  6256 | D:6      | Reached XP level 8. HP: 42/62 MP: 10/10
  6276 | D:6      | Found a glowing drain.
  6374 | Sewer    | Entered a sewer
  6489 | Sewer    | Reached skill level 13 in Axes
  7194 | D:6      | Reached skill level 14 in Axes
  7345 | D:6      | Found a stormy altar of Qazlal.
  7531 | D:6      | Reached XP level 9. HP: 68/68 MP: 11/11
  7533 | D:6      | Learned a level 1 spell: Magic Dart
  7790 | D:7      | Found a runed translucent gate.
  7790 | D:7      | Found a runed translucent gate.
  7791 | D:7      | Found a runed translucent gate.
  7793 | D:7      | Noticed Dittersdorf's ghost (novice GrFi)
  7825 | D:7      | Reached skill level 1 in Armour
  8177 | D:7      | Found a snail-covered altar of Cheibriados.
  8257 | D:7      | Became a worshipper of Cheibriados the Contemplative
  8423 | D:7      | Found a glowing golden altar of the Shining One.
  9227 | D:2      | Bought the +0 chain mail of Patterns {Will++ Regen+ Str+4}
                  | for 440 gold pieces
  9540 | D:7      | Reached skill level 15 in Axes
  9779 | D:8      | Reached * piety under Cheibriados
  9907 | D:8      | Reached skill level 5 in Armour
  9965 | D:8      | Noticed a two-headed ogre
 10318 | D:8      | Found Qybiwaagro's Assorted Antiques.
 10621 | D:8      | Killed a two-headed ogre
 10622 | D:8      | Reached skill level 16 in Axes
 10622 | D:8      | Reached XP level 10. HP: 61/74 MP: 12/12
 10977 | D:9      | Found an opulent altar of Gozag.
 11474 | D:9      | Reached ** piety under Cheibriados
 11514 | D:9      | Found a staircase to the Orcish Mines.
 11546 | D:9      | Found a roughly hewn altar of Beogh.
 11688 | D:9      | Noticed Pikel
 11693 | D:9      | Killed Pikel
 11873 | D:9      | Found a broken altar of Ashenzari.
 12046 | D:9      | Reached skill level 1 in Invocations
 12248 | D:9      | Reached skill level 10 in Armour
 12279 | D:9      | Reached XP level 11. HP: 75/80 MP: 13/13
 12422 | D:9      | Learned a level 3 spell: Hailstorm
 12483 | D:9      | Found a staircase to the Lair.
 12613 | D:10     | Entered Level 10 of the Dungeon
 12660 | D:10     | Reached *** piety under Cheibriados
 12720 | D:10     | Reached skill level 5 in Invocations
 13546 | D:11     | Noticed a two-headed ogre
 13546 | D:11     | Noticed a wizard
 13546 | D:11     | Noticed a flayed ghost
 13546 | D:11     | Noticed Darius099's ghost (journeyman GrFi)
 13547 | D:11     | Noticed a boulder beetle
 13549 | D:11     | Found a transporter.
 13549 | D:11     | Noticed an orc knight
 13802 | D:11     | Found a transporter.
 13838 | D:11     | Noticed a two-headed ogre
 13847 | D:11     | Killed a two-headed ogre
 14227 | D:11     | Noticed a two-headed ogre
 14233 | D:11     | Killed a two-headed ogre
 14356 | D:11     | Reached XP level 12. HP: 76/88 MP: 18/18
 14361 | D:11     | Reached **** piety under Cheibriados
 14534 | D:12     | Reached skill level 5 in Dodging
 14585 | D:11     | Reached skill level 1 in Evocations
 14930 | D:12     | Noticed a two-headed ogre
 14936 | D:12     | Killed a two-headed ogre
 14937 | D:12     | Reached skill level 5 in Conjurations
 15177 | D:12     | Reached ***** piety under Cheibriados
 15198 | D:12     | Noticed a hell knight
 15205 | D:12     | Killed a hell knight
 15554 | D:12     | Noticed a hell knight
 15623 | D:12     | Noticed a hell knight
 15865 | Lair:1   | Entered Level 1 of the Lair of Beasts
 16052 | Lair:1   | Noticed Joseph
 16068 | Lair:1   | Killed Joseph
 16948 | Lair:2   | Reached skill level 1 in Ice Magic
 16997 | Lair:2   | Noticed a boulder beetle
 17007 | Lair:2   | Killed a boulder beetle
 17086 | Lair:2   | Reached XP level 13. HP: 83/93 MP: 19/19
 17540 | Lair:2   | Found a staircase to the Swamp.
 17729 | Lair:2   | Found a bloodstained altar of Trog.
 17992 | Lair:2   | Found a staircase to the Snake Pit.
 18324 | D:8      | Bought an onyx ring for 130 gold pieces
 18330 | D:8      | Learned a level 3 spell: Mephitic Cloud
 18335 | D:8      | Learned a level 4 spell: Flame Wave
 18419 | D:13     | Noticed Maurice
 18423 | D:13     | Killed Maurice
 18429 | D:13     | Noticed Kirke
 18435 | D:12     | Reached skill level 1 in Fire Magic
 18534 | D:13     | Noticed Rupert
 18534 | D:13     | Noticed Urug
 18534 | D:13     | Found a gate to the Vaults.
 18698 | D:13     | Killed Kirke
 19208 | Lair:3   | Reached skill level 5 in Fire Magic
 19565 | Lair:3   | Learned a level 3 spell: Stone Arrow
 19710 | Lair:3   | Noticed Nergalle
 19724 | Lair:3   | Killed Nergalle
 20639 | Lair:4   | Reached XP level 14. HP: 100/100 MP: 8/20
 20643 | Lair:4   | Reached skill level 10 in Conjurations
 20778 | Lair:4   | Reached skill level 17 in Axes
 21030 | Lair:4   | Found a hide-covered altar of Uskayaw.
 21462 | Lair:4   | Reached skill level 5 in Fighting
 21950 | Lair:5   | Entered Level 5 of the Lair of Beasts
 22577 | Lair:5   | Reached ****** piety under Cheibriados
 23114 | Lair:5   | Reached skill level 18 in Axes
 23269 | Lair:5   | Found a staircase to the Slime Pits.
 23269 | Lair:5   | Found a viscous altar of Jiyva.
 24305 | Orc:1    | Entered Level 1 of the Orcish Mines
 24476 | D:2      | Bought a scroll of acquirement for 676 gold pieces
 24478 | D:2      | Acquired the ring of the Ageing Gods {rC++ Will+ AC+4}
 24493 | D:2      | Learned a level 3 spell: Kindle Blastsparks
 25001 | Orc:1    | Reached skill level 1 in Air Magic
 25282 | Orc:1    | Found Hixtuseq's Distillery.
 25290 | Orc:1    | Bought a potion of heal wounds for 80 gold pieces
 25300 | Orc:1    | Found Duna Em Ajo's Jewellery Shoppe.
 25521 | Orc:1    | Found a bloodstained altar of Trog.
 25799 | Orc:2    | Entered Level 2 of the Orcish Mines
 26145 | Orc:2    | Noticed an orc warlord
 26350 | Orc:1    | Killed an orc warlord
 26726 | Orc:2    | Found a staircase to the Elven Halls.
 26734 | Orc:2    | Reached XP level 15. HP: 124/124 MP: 21/21
 27060 | Orc:2    | Found Ygod Texe's Antique Weapon Boutique.
 27064 | Orc:2    | Reached skill level 10 in Fighting
 27064 | Orc:2    | Reached skill level 5 in Air Magic
 27158 | Orc:2    | Found Xigaott's Magic Scroll Boutique.
 27160 | Orc:2    | Found Qetz's Distillery.
 27162 | Orc:2    | Bought a scroll of identify for 28 gold pieces
 27162 | Orc:2    | Bought a scroll of identify for 28 gold pieces
 27171 | Orc:2    | Found Takiesk's Armour Shop.
 28252 | D:13     | Killed Urug
 28344 | D:13     | Killed Rupert
 29062 | D:14     | Learned a level 2 spell: Passwall
 29790 | D:15     | Entered Level 15 of the Dungeon
 30036 | D:15     | Reached skill level 10 in Invocations
 30057 | D:15     | Found a gate leading to a gauntlet.
 30065 | Gauntlet | Entered a Gauntlet
 30065 | Gauntlet | Found a transporter.
 30065 | Gauntlet | Found a transporter.
 30069 | Gauntlet | Found a transporter.
 30069 | Gauntlet | Found a transporter.
 30082 | Gauntlet | Found a transporter.
 30095 | Gauntlet | Found a transporter.
 30103 | Gauntlet | Found a transporter.
 30105 | Gauntlet | Found a transporter.
 30105 | Gauntlet | Found a transporter.
 30109 | Gauntlet | Found a transporter.
 30143 | Gauntlet | Found a transporter.
 30161 | Gauntlet | Found a transporter.
 30207 | Gauntlet | Found a transporter.
 30223 | Gauntlet | Found a transporter.
 30324 | Gauntlet | Found a transporter.
 30338 | Gauntlet | Found the +3 Elemental Staff {rElec rF++ rC++ AC+5}
 30340 | Gauntlet | Found a transporter.
 30494 | Gauntlet | Got the Octavo of Blasting
 30548 | Gauntlet | Identified the amulet of Vaussekk {Acrobat rN+ Str+4}
 30591 | Gauntlet | Reached XP level 16. HP: 118/141 MP: 20/23
 30632 | Gauntlet | Identified the +3 great sword of the Lachrymose God {heavy,
                  | rElec Will+ Dex+2}
 30633 | Gauntlet | Got Sif Muna's Precepts of Ceraunoscopy
 31864 | D:15     | Found a staircase to the Depths.
 32234 | Swamp:1  | Entered Level 1 of the Swamp
 32268 | Swamp:1  | Noticed Donald
 32296 | Swamp:1  | Killed Donald
 33051 | Swamp:1  | Noticed Jorgrun
 33071 | Swamp:1  | Killed Jorgrun
 33344 | Swamp:2  | Noticed a fenstrider witch
 33350 | Swamp:2  | Killed a fenstrider witch
 34087 | Swamp:2  | Reached skill level 15 in Fighting
 35196 | Swamp:3  | Learned a level 4 spell: Airstrike
 35318 | Swamp:3  | Reached XP level 17. HP: 152/156 MP: 4/26
 36230 | D:8      | Bought a scroll of teleportation for 78 gold pieces
 36303 | Orc:1    | Bought a potion of might for 64 gold pieces
 36303 | Orc:1    | Bought a potion of might for 64 gold pieces
 36492 | D:2      | Bought a scroll of magic mapping for 97 gold pieces
 36492 | D:2      | Bought a scroll of magic mapping for 97 gold pieces
 36526 | D:2      | Bought a +0 pair of gloves of stealth for 149 gold pieces
 37014 | Swamp:4  | Entered Level 4 of the Swamp
 38602 | Swamp:4  | Got a decaying rune of Zot
 39404 | Snake:1  | Entered Level 1 of the Snake Pit
 39748 | Snake:1  | Identified the +9 hand axe "Wenunt" {speed, Int+4}
 39777 | Snake:1  | Identified the +1 robe of Refuge {Dex+3}
 41003 | Snake:2  | Found an ancient bone altar of Kikubaaqudgha.
 41215 | Snake:2  | Reached skill level 10 in Air Magic
 41503 | Snake:2  | Found a runed translucent door.
 41505 | Snake:2  | Noticed wormed's ghost (adept NaFE)
 41722 | Snake:2  | Found a sacrificial altar of Ru.
 41778 | Snake:2  | Reached XP level 18. HP: 157/163 MP: 27/27
 42069 | Snake:2  | Reached skill level 15 in Armour
 42529 | Snake:2  | Killed wormed's ghost
 42637 | Snake:3  | Noticed Mlioglotl
 42645 | Snake:3  | Reached skill level 19 in Axes
 42824 | Snake:3  | Found Dasoit's General Store.
 42966 | Snake:3  | Identified the +5 quarterstaff "Gajeucet" {freeze, Fly
                  | rElec Will- Dex+3}
 43090 | Snake:3  | Killed Mlioglotl
 43263 | Snake:3  | Found a runed translucent gate.
 43263 | Snake:3  | Found a runed translucent gate.
 43263 | Snake:3  | Found a runed translucent gate.
 43263 | Snake:3  | Noticed Josuitwi's ghost (adept MfGl)
 43749 | Snake:3  | Noticed Roxanne
 43897 | Snake:3  | Noticed Aizul
 43908 | Snake:3  | Killed Aizul
 44071 | Snake:3  | Killed Roxanne
 44224 | Snake:3  | Killed Josuitwi's ghost
 44403 | Snake:3  | Learned a level 5 spell: Freezing Cloud
 44404 | Snake:4  | Entered Level 4 of the Snake Pit
 44429 | Snake:4  | Found a sacrificial altar of Ru.
 44522 | Snake:4  | Reached skill level 20 in Axes
 44625 | Snake:4  | Found a large runed translucent door.
 44626 | Snake:4  | Found a large runed translucent door.
 44630 | Snake:4  | Noticed Bediveer's ghost (adept DsFi)
 45736 | Snake:4  | Reached skill level 5 in Ice Magic
 45752 | Snake:4  | HP: 3/163 [nagaraja/+0 spear (27)]
 45753 | Snake:4  | Constricted to death by a nagaraja

Illustrated notes

Levels and vault maps discovered:
D:1:      wheals_arrival_shading, layout_rooms
D:2:      layout_loops_ring, serial_shops, shop, shop
D:3:      layout_basic
D:4:      layout_cave_pools, mainiacjoe_overflow_chevrons,
          minmay_temple_entry_purple_smoke, roderic_lattice_a
D:5:      layout_basic, grunt_temple_overflow_growth_and_decay, nzn_random_ring
D:6:      layout_gridville, mainiacjoe_overflow_alcove_1, lemuel_tele_altar,
          portal_sewer_entry_a, st_stairs_10, serial_park_tiny_2
D:7:      layout_basic, amcnicky_altar_gilded, lemuel_round_altar,
          gammafunk_ghost_necromancy
D:8:      layout_loops_ring, serial_shops, shop
D:9:      layout_irregular_city, grunt_gozag_statues,
          nicolae_overflow_hidden_temple, erik_lair_dragon,
          minmay_orc_entry_temple_small, kennysheep_diamond,
          chequers_serial_rivers_small_b, kennysheep_generic_room_15, uniq_pikel
D:10:     layout_roguey
D:11:     layout_roguey, gammafunk_ghost_arena, serial_rivers,
          chequers_serial_rivers_large_b, chequers_serial_rivers_marsh,
          chequers_serial_rivers_micro_b, chequers_serial_rivers_marsh,
          chequers_serial_rivers_room_b, hangedman_incinerator
D:12:     layout_rooms, minmay_rotating_lava
D:13:     layout_gridville, david_vaults_3, minmay_misc_feat_five,
          minmay_statues_item, serial_park_tiny_pond, drop_trap, uniq_maurice,
          uniq_kirke
D:14:     layout_layer_cave, palyth_stone_intersect
D:15:     grunt_enter_depths_snipers, layout_layer_cave, gauntlet_entry_generic
Temple:   oiseaux_autumnal_temple
Lair:1:   layout_cave_pods, pdpol_lair_neglected_garden, lemuel_fruit_fields,
          lemuel_fruit_tree, serial_bayou_shore_a, uniq_joseph
Lair:2:   layout_regular_city, swamp_mist_pool,
          minmay_snake_entry_six_corridors, basic_altar, guppyfry_lair_drakes
Lair:3:   layout_roguey, serial_bayou_pond_c, wad_woods_road_04,
          grunt_megastairs_2, uniq_nergalle
Lair:4:   layout_cave_pods, basic_altar, nzn_sisyphean_effort
Lair:5:   guppyfry_lair_end_dragon, layout_hall_layers,
          minmay_slime_entry_jelly_boxes, serial_bayou_shore_b
Swamp:1:  nicolae_swamp_ascending_descending_big, layout_falls_marsh,
          nicolae_swamp_long_stream, swamp_pool3, nicolae_swamp_spriggan_camp,
          uniq_donald, uniq_jorgrun
Swamp:2:  layout_basic_swamp, hangedman_swamp_ruin_hall, swamp_pool2,
          hangedman_swamp_phenomena
Swamp:3:  layout_falls_marsh, serial_swamp_ruin, evilmike_swamp_ruin_house_4,
          evilmike_swamp_ruin_house_6, evilmike_swamp_ruin_rubble_2
Swamp:4:  swamp_alternative, layout_basic_swamp,
          nicolae_swamp_orc_logging_accident, infiniplex_staircase_pool
Snake:1:  layout_concentric_octagons
Snake:2:  layout_chambers, ebering_ghost_inner_flame, st_stairs_2,
          hangedman_feature_mirror, serial_bayou_pond_c,
          nicolae_snake_flat_spine
Snake:3:  layout_misc_corridors, gammafunk_ghost_split, minmay_shop_star,
          uniq_mlioglotl, uniq_roxanne, uniq_aizul
Snake:4:  snake_pit, layout_cave_town, basic_altar, ebering_ghost_disaster_area,
          nicolae_snake_lava_pool
Orc:1:    layout_diamond_mine, serial_shops, shop, shop_fountains, basic_altar
Orc:2:    st_orc_open, layout_caves

Skill      XL: |  1  2  3  4  5  6  7  8  9 10 11 12 13 14 15 16 17 18 |
---------------+-------------------------------------------------------+-----
Axes           | 5 6 7 9 10 12 14 16 18 20 | 20.4
Armour         | 7 10 11 13 14 16 | 16.0
Conjurations   | 4 7 9 10 | 10.1
Invocations    | 2 8 10 12 | 12.3
Dodging        | 4 7 8 9 |  9.8
Evocations     | 2 |  2.0
Ice Magic      | 2 4 5 |  5.0
Fire Magic     | 6 7 8 |  8.7
Fighting       | 9 12 15 | 15.1
Air Magic      | 3 5 6 10 | 10.3
Spellcasting   | 3 |  3.1

Action                     |  1- 3 |  4- 6 |  7- 9 | 10-12 | 13-15 | 16-18 || total
---------------------------+-------+-------+-------+-------+-------+-------++-------
  Melee: Hand axe          |   126 |   197 |   236 |       |       |       ||   559
         Punch             |     1 |     1 |     5 |       |       |       ||     7
         War axe           |       |       |    91 |       |       |       ||    91
         Battleaxe         |       |       |    57 |   425 |   796 |   774 ||  2052
   Cast: Magic Dart        |       |       |       |    38 |   110 |   105 ||   253
         Hailstorm         |       |       |       |     1 |    10 |       ||    11
         Stone Arrow       |       |       |       |       |    78 |   174 ||   252
         Flame Wave        |       |       |       |       |    32 |    25 ||    57
         Mephitic Cloud    |       |       |       |       |    13 |     9 ||    22
         Kindle Blastspark |       |       |       |       |    19 |     9 ||    28
         Passwall          |       |       |       |       |     4 |       ||     4
         Airstrike         |       |       |       |       |       |     5 ||     5
         Freezing Cloud    |       |       |       |       |       |     9 ||     9
 Invoke: Bend Time         |       |       |     1 |     3 |       |       ||     4
         Slouch            |       |       |       |     2 |     3 |     5 ||    10
         Step From Time    |       |       |       |       |     1 |       ||     1
  Evoke: Wand              |       |       |     5 |    18 |     8 |     8 ||    39
         Phantom mirror    |       |       |       |       |       |     3 ||     3
         Box of beasts     |       |       |       |       |       |     1 ||     1
    Use: Scroll            |     4 |     9 |     7 |     4 |    14 |     7 ||    45
         Potion            |       |     1 |     4 |     1 |     9 |    10 ||    25
   Stab: Confused          |       |       |       |       |    12 |     2 ||    14
         Distracted        |       |       |       |       |     1 |     1 ||     2
         Invisible         |       |       |       |       |     3 |     1 ||     4
 Armour: Ring mail         |    48 |    34 |       |       |       |       ||    82
         Leather armour    |     2 |    28 |       |       |       |       ||    30
         Scale mail        |       |       |   118 |       |       |       ||   118
         Skin              |       |       |    28 |     2 |    17 |       ||    47
         Chain mail        |       |       |    18 |   177 |   322 |   411 ||   928
  Dodge: Dodged            |    67 |    96 |   150 |   243 |   541 |   919 ||  2016

Table legend: (Time is in decaauts)
 A = Elapsed time spent in this place.
 B = Non-inter-level travel time spent in this place.
 C = Inter-level travel time spent in this place.
 D = Time resting spent in this place.
 E = Time spent auto-exploring this place.
 F = Levels seen in this place.
 G = Mean time per level.
                   A        B        C        D        E       F      G
               +--------+--------+--------+--------+--------+-----+--------+
         Total |  64288 |  52319 |  11969 |  12756 |  26573 |  33 | 1948.1 |
       Dungeon |  27503 |  20536 |   6967 |   4458 |  10369 |  15 | 1833.5 |
        Temple |    299 |    268 |     31 |      0 |    251 |   1 |  299.0 |
          Lair |  12053 |  10331 |   1722 |   2283 |   6248 |   5 | 2410.6 |
         Swamp |   9129 |   7835 |   1294 |   2810 |   3343 |   4 | 2282.2 |
     Snake Pit |   9689 |   8286 |   1403 |   1976 |   4284 |   4 | 2422.2 |
  Orcish Mines |   3815 |   3264 |    551 |    927 |   1428 |   2 | 1907.5 |
         Sewer |    729 |    729 |      0 |    295 |    119 |   1 |  729.0 |
      Gauntlet |   1068 |   1068 |      0 |      6 |    528 |   1 | 1068.0 |
               +--------+--------+--------+--------+--------+-----+--------+

Top non-repeatable levels by time:
     D:9: 4197 daAuts
 Snake:2: 3432 daAuts
  Lair:5: 2991 daAuts
    D:15: 2750 daAuts
    D:12: 2684 daAuts
 Swamp:3: 2676 daAuts
 Snake:3: 2515 daAuts
  Lair:4: 2415 daAuts
  Lair:2: 2387 daAuts
  Lair:3: 2262 daAuts
 Swamp:2: 2236 daAuts
 Swamp:4: 2145 daAuts
 Swamp:1: 2072 daAuts
  Lair:1: 1996 daAuts
 Snake:4: 1939 daAuts
